 Dungeon Crawl Stone Soup version bcrawl-1.13.4 (webtiles) character file.

Game seed: 6117970777463710387

181 Felnil the Skirmisher (level 5, 0/36 HPs)
             Began as a Skeleton Fighter on Aug 14, 2019.
             Slain by a sky beast (6 damage)
             ... on level 4 of the Dungeon.
             The game lasted 00:05:35 (2836 turns).

Felnil the Skirmisher (Skeleton Fighter)            Turns: 2836, Time: 00:05:35

Health: 0/36       AC: 15    Str: 22 (23) XL:     5   Next: 34%
Magic:  0/5        EV:  2    Int:  7      God:
Gold:   125        SH:  9    Dex:  8      Spells: 4/4 levels left

rFire    + . .     SeeInvis +   a - +0 war axe
rCold    + + .     Gourm    .   c - +0 shield
rNeg     + + +     Faith    .   m - +0 gold dragon scales
rPois    ∞         Spirit   +   k - +2 hat
rElec    .         Reflect  .   (no cloak)
rCorr    .         Harm     .   (no gloves)
MR       .....                  (no boots)
Stlth    ..........             l - amulet of regeneration
HPRegen  0.52/turn              h - ring of see invisible
MPRegen  0.09/turn              (no ring)

@: no status effects
A: no food or potions, cold resistance 1, deterioration 1, negative energy
resistance 3, torment resistance, unbreathing, magic shield, sturdy frame 1,
spell healing
a: no special abilities


You were on level 4 of the Dungeon.
You were not hungry.

You visited 1 branch of the dungeon, and saw 4 of its levels.

You collected 125 gold pieces.

Inventory:

Hand Weapons
 a - a +0 war axe (weapon)
Armour
 b - a +0 scale mail
 c - a +0 shield (worn)
 k - a +2 hat (worn)
 m - +0 gold dragon scales (worn)
Jewellery
 h - a ring of see invisible (left hand)
 j - an uncursed ring of see invisible
 l - an amulet of regeneration (around neck)
Scrolls
 d - 2 scrolls of enchant armour {unknown}
 e - 2 scrolls of remove curse {unknown}
 f - a scroll of identify {unknown}
 g - 3 scrolls of teleportation {unknown}
 i - 2 scrolls of fog {unknown}
 n - 3 scrolls of blinking {unknown}


   Skills:
 + Level 6.1 Fighting
 - Level 2.4 Axes
 - Level 3.2 Armour
 - Level 3.6 Shields


You had 4 spell levels left.
You didn't know any spells.
Your spell library was empty.

Dungeon Overview and Level Annotations

Branches:
Dungeon (4/12)
 Temple: D:4-7

Altars:
Cheibriados
Nemelex Xobeh
Qazlal
Xom
Yredelemnul


Innate Abilities, Weirdness & Mutations

You do not eat or drink.
You are immune to poison.
Your flesh is cold resistant. (rC+)
Your body sometimes deteriorates upon taking damage.
You are immune to negative energy. (rN+++)
You are immune to unholy pain and torment.
You can survive without breathing.
When hurt, damage is shared between your health and your magic reserves.
Your movements are slightly less encumbered by armour. (ER -2)
Casting spells heals you.


Message History

You block the sky beast's attack.
You barely miss the sky beast.
The sky beast is heavily wounded.
You block the sky beast's attack.
You closely miss the sky beast.
The sky beast is heavily wounded.
You block the sky beast's attack. The sky beast hits you.
The sky beast shocks you.
You miss the sky beast.
The sky beast is heavily wounded.
You block the sky beast's attack.
You completely miss the sky beast.
The sky beast is heavily wounded.
The sky beast hits you. The sky beast shocks you.
* * * LOW HITPOINT WARNING * * *
Your body deteriorates!
You feel weakened. The sky beast hits you.
* * * LOW HITPOINT WARNING * * *
The sky beast shocks you.
You die...

### #.. .. #.# ....
##.#####..!.
#.Y.........
#.@.........
#........>....
#............. ##.....#
#............. ......#
#....†........
#.....####.............
#......................
#.....####.............
.....####.............


You could see a sky beast (invisible).

Vanquished Creatures
  A crimson imp (D:3)
  A hound (D:4)
  A hound skeleton (D:3)
  An adder (D:3)
  2 oozes
  2 worms (D:2)
  4 dart slugs
  6 leopard geckos
  3 orcs (D:3)
  7 bats
  A giant cockroach (D:2)
  6 hobgoblins
  8 jackals
  6 kobolds
  2 quokkas
  A ball python (D:3)
  2 frilled lizards
  4 goblins
  A jackal skeleton (D:4)
  4 rats
63 creatures vanquished.

Notes
Turn   | Place    | Note
-------+----------+-------------------------------------------
     0 | D:1      | Felnil the Skeleton Fighter began the quest for the Orb.
     0 | D:1      | Reached XP level 1. HP: 14/14 MP: 1/1
   320 | D:1      | Reached XP level 2. HP: 19/19 MP: 2/2
   810 | D:2      | Reached skill level 4 in Fighting
   816 | D:2      | HP: 1/20 [worm (6)]
   819 | D:2      | Reached XP level 3. HP: 2/24 MP: 0/3
  1927 | D:3      | Found a snail-covered altar of Cheibriados.
  2021 | D:3      | Reached skill level 5 in Fighting
  2021 | D:3      | Reached XP level 4. HP: 31/31 MP: 4/4
  2184 | D:3      | Found a basalt altar of Yredelemnul.
  2233 | D:3      | Found a stormy altar of Qazlal.
  2400 | D:3      | Reached XP level 5. HP: 36/36 MP: 5/5
  2437 | D:3      | Found a sparkling altar of Nemelex Xobeh.
  2445 | D:3      | Found a shimmering altar of Xom.
  2805 | D:4      | Reached skill level 6 in Fighting
  2807 | D:4      | Noticed a sky beast
  2836 | D:4      | Slain by a sky beast

Skill      XL: |  1  2  3  4  5 |
---------------+----------------+-----
Fighting       | 4 5 6 |  6.1
Axes           | |  2.4
Armour         | |  3.2
Shields        | |  3.6

Action                   |  1- 3 |  4- 6 || total
-------------------------+-------+-------++-------
Melee: War axe           |   142 |   130 ||   272
Armor: Scale mail        |    44 |       ||    44
       Gold dragon scale |    68 |   117 ||   185
Dodge: Dodged            |    45 |    14 ||    59
Block: Shield            |   105 |    79 ||   184
